TOP OF THE 1ST |
Philadelphia Athletics batting - Pitching for Nashville G-Strings : LHP Kip Manning
|
Pitching: LHP Kip Manning
|
|
Batting: RHB César García
|
0-0: Ball 1-0: Swinging Strike 1-1: Fly out, F7 (Flyball, 7S)
|
Batting: LHB Brian Boone
|
0-0: Fly out, F7 (Flyball, 78M)
|
Batting: RHB Miguel Encarnación
|
0-0: SINGLE (Groundball, 6MD)
|
Batting: RHB Tony Morton
|
0-0: Ball 1-0: SINGLE (Groundball, 34) (infield hit) Miguel Encarnación to second
|
Batting: LHB Carter Sweet
|
0-0: Fly out, F8 (Flyball, 8RM)
|
Top of the 1st over - 0 runs, 2 hits, 0 errors, 2 left on base; Philadelphia 0 - Nashville 0 |
BOTTOM OF THE 1ST |
Nashville G-Strings batting - Pitching for Philadelphia Athletics : RHP George Nelson
|
Pitching: RHP George Nelson
|
|
Batting: RHB Eric Thompson
|
0-0: Ball 1-0: Ground out 6-3 (Groundball, 6)
|
Batting: LHB Ramón Morales
|
0-0: Ball 1-0: Ground out 5-3 (Groundball, 56)
|
Batting: SHB Ricardo Arévalo
|
0-0: Ball 1-0: Called Strike 1-1: Foul Ball, location: 2F 1-2: Ball 2-2: Hit by Pitch
|
Batting: LHB Miguel Rivería
|
0-0: Swinging Strike 0-1: Called Strike 0-2: Ball 1-2: Fly out, F9 (Line Drive, 9LM)
|
Bottom of the 1st over - 0 runs, 0 hits, 0 errors, 1 left on base; Philadelphia 0 - Nashville 0 |
TOP OF THE 2ND |
Philadelphia Athletics batting - Pitching for Nashville G-Strings : LHP Kip Manning
|
Batting: RHB Valentín Borges
|
0-0: Called Strike 0-1: Foul Ball, location: 2F 0-2: Strikes out swinging
|
Batting: RHB Anastasio Villa
|
0-0: Ground out 6-3 (Groundball, 6M)
|
Batting: RHB Felipe Rivera
|
0-0: SINGLE (Line Drive, 4MD)
|
Batting: SHB Héctor Padilla
|
0-0: Called Strike 0-1: Swinging Strike 0-2: Ball 1-2: Foul Ball, location: 2F 1-2: Strikes out looking
|
Top of the 2nd over - 0 runs, 1 hit, 0 errors, 1 left on base; Philadelphia 0 - Nashville 0 |
BOTTOM OF THE 2ND |
Nashville G-Strings batting - Pitching for Philadelphia Athletics : RHP George Nelson
|
Batting: LHB Robinson Fernández
|
0-0: Ball 1-0: Ball 2-0: Called Strike 2-1: Fly out, F8 (Flyball, 8RM)
|
Batting: RHB Wilfred Martin
|
0-0: Foul Ball, location: 2F 0-1: Ball 1-1: SINGLE (Groundball, 34S) (infield hit)
|
Batting: RHB Jesús Cabrera
|
0-0: Ball 1-0: Fly out, F7 (Flyball, 7S)
|
Batting: RHB Juan Costello
|
0-0: Called Strike 0-1: Ball 1-1: Ball 2-1: Ball 3-1: Base on Balls Wilfred Martin to second
|
Batting: LHB Jesús Núñez
|
0-0: Swinging Strike 0-1: Foul Ball, location: 2F 0-2: Ball 1-2: Foul Ball, location: 2F 1-2: Strikes out swinging
|
Bottom of the 2nd over - 0 runs, 1 hit, 0 errors, 2 left on base; Philadelphia 0 - Nashville 0 |
TOP OF THE 3RD |
Philadelphia Athletics batting - Pitching for Nashville G-Strings : LHP Kip Manning
|
Batting: RHB César García
|
0-0: Called Strike 0-1: Foul Ball, location: 2F 0-2: Ground out 3-1 (Groundball, 34S)
|
Batting: LHB Brian Boone
|
0-0: Called Strike 0-1: SOLO HOME RUN (Flyball, 9D), Distance : 385 ft
|
Batting: RHB Miguel Encarnación
|
0-0: Ball 1-0: Called Strike 1-1: Hit by Pitch, AND HE CHARGES THE MOUND! The benches clear!
|
Pitching: RHP Noriyuki Matsui
|
|
Pinch Runner at 1st Eric Neal:
|
|
Batting: RHB Tony Morton
|
0-0: Ball 1-0: Called Strike 1-1: Ball 2-1: Foul Ball, location: 2F 2-2: Foul Ball, location: 2F 2-2: Fly out, F7 (Line Drive, 7)
|
Batting: LHB Carter Sweet
|
0-0: Called Strike 0-1: Ball 1-1: 2-RUN HOME RUN (Flyball, 9D), Distance : 408 ft
|
Batting: RHB Valentín Borges
|
0-0: Ball 1-0: Ball 2-0: Swinging Strike 2-1: SINGLE (Line Drive, 78S)
|
Batting: RHB Anastasio Villa
|
0-0: Ball 1-0: Swinging Strike 1-1: SINGLE (Groundball, 6MD) Valentín Borges to second Runner from 2nd tries for 3rd, SAFE, throw made to third
|
Batting: RHB Felipe Rivera
|
0-0: Called Strike 0-1: Ball 1-1: Ball 2-1: Fly out, F9 (Flyball, 9LS)
|
Top of the 3rd over - 3 runs, 4 hits, 0 errors, 2 left on base; Philadelphia 3 - Nashville 0 |
BOTTOM OF THE 3RD |
Nashville G-Strings batting - Pitching for Philadelphia Athletics : RHP George Nelson
|
Now at 2B: Eric Neal
|
|
Batting: RHB Eric Thompson
|
0-0: Ball 1-0: Foul Ball, location: 2F 1-1: Ball 2-1: Fly out, F9 (Flyball, 89D)
|
Batting: LHB Ramón Morales
|
0-0: SINGLE (Groundball, 34D)
|
Batting: SHB Ricardo Arévalo
|
0-0: Called Strike 0-1: Called Strike Ramón Morales steals 2nd base 0-2: Strikes out swinging
|
Batting: LHB Miguel Rivería
|
0-0: Ball 1-0: Ball 2-0: Ball 3-0: Base on Balls
|
Batting: LHB Robinson Fernández
|
0-0: Called Strike 0-1: Swinging Strike 0-2: Foul Ball, location: 2F 0-2: Foul Ball, location: 2F 0-2: Fielders Choice at 2nd, 6-4 (Groundball, 6)
|
Bottom of the 3rd over - 0 runs, 1 hit, 0 errors, 2 left on base; Philadelphia 3 - Nashville 0 |
TOP OF THE 4TH |
Philadelphia Athletics batting - Pitching for Nashville G-Strings : RHP Noriyuki Matsui
|
Batting: SHB Héctor Padilla
|
0-0: Ball 1-0: Swinging Strike 1-1: Ball 2-1: Ball 3-1: Base on Balls
|
Batting: RHB César García
|
0-0: Called Strike 0-1: Foul Ball, location: 2F 0-2: Grounds into double play, 5-4-3 (Groundball, 5)
|
Batting: LHB Brian Boone
|
0-0: Ball 1-0: SINGLE (Groundball, 34D)
|
Batting: RHB Eric Neal
|
0-0: Ball Brian Boone is caught stealing 2nd base
|
Top of the 4th over - 0 runs, 1 hit, 0 errors, 0 left on base; Philadelphia 3 - Nashville 0 |
BOTTOM OF THE 4TH |
Nashville G-Strings batting - Pitching for Philadelphia Athletics : RHP George Nelson
|
Batting: RHB Wilfred Martin
|
0-0: Foul Ball, location: 2F 0-1: SINGLE (Flyball, 89S)
|
Batting: RHB Jesús Cabrera
|
0-0: Called Strike 0-1: Ball 1-1: Fly out, F8 (Flyball, 8LM)
|
Batting: RHB Juan Costello
|
0-0: Ball 1-0: Swinging Strike 1-1: Foul Ball, location: 2F 1-2: Strikes out swinging
|
Batting: LHB Jesús Núñez
|
0-0: Called Strike 0-1: Fielders Choice at 2nd, U4 (Groundball, 4M)
|
Bottom of the 4th over - 0 runs, 1 hit, 0 errors, 1 left on base; Philadelphia 3 - Nashville 0 |
TOP OF THE 5TH |
Philadelphia Athletics batting - Pitching for Nashville G-Strings : RHP Noriyuki Matsui
|
Batting: RHB Eric Neal
|
0-0: Foul Ball, location: 2F 0-1: Called Strike 0-2: Ball 1-2: Ball 2-2: Strikes out looking
|
Batting: RHB Tony Morton
|
0-0: Foul Ball, location: 2F 0-1: Ball 1-1: SINGLE (Flyball, 78S)
|
Batting: LHB Carter Sweet
|
0-0: SINGLE (Line Drive, 4D) Tony Morton to second Runner from 2nd tries for 3rd, SAFE, no throw
|
Batting: RHB Valentín Borges
|
0-0: Ball 1-0: Swinging Strike 1-1: Ball 2-1: Foul Ball, location: 2F 2-2: Ball 3-2: Strikes out swinging
|
Batting: RHB Anastasio Villa
|
0-0: Ball 1-0: Called Strike 1-1: Ground out 5-3 (Groundball, 56S)
|
Top of the 5th over - 0 runs, 2 hits, 0 errors, 2 left on base; Philadelphia 3 - Nashville 0 |
BOTTOM OF THE 5TH |
Nashville G-Strings batting - Pitching for Philadelphia Athletics : RHP George Nelson
|
Batting: RHB Eric Thompson
|
0-0: Ball 1-0: Swinging Strike 1-1: Hit by Pitch
|
Batting: LHB Ramón Morales
|
0-0: Ball 1-0: Foul Ball, location: 2F 1-1: SINGLE (Groundball, 5) (infield hit) Eric Thompson to second
|
Batting: SHB Ricardo Arévalo
|
0-0: Ball 1-0: Swinging Strike 1-1: Ball 2-1: SINGLE (Line Drive, 8LS) Eric Thompson to third Ramón Morales to second
|
Batting: LHB Miguel Rivería
|
0-0: Ball 1-0: Ball 2-0: Foul Ball, location: 2F 2-1: Foul Ball, location: 2F 2-2: Foul Ball, location: 2F 2-2: Strikes out swinging
|
Batting: LHB Robinson Fernández
|
0-0: Called Strike 0-1: Ball 1-1: SINGLE (Flyball, 6MD) Eric Thompson scores Ramón Morales to third Ricardo Arévalo to second
|
Batting: RHB Wilfred Martin
|
0-0: SINGLE (Line Drive, 89S) Ramón Morales scores Ricardo Arévalo to third Robinson Fernández to second
|
Batting: RHB Jesús Cabrera
|
0-0: Foul Ball, location: 2F 0-1: Ball 1-1: Foul Ball, location: 2F 1-2: Ball 2-2: SINGLE (Flyball, 56D) Ricardo Arévalo scores Robinson Fernández to third Wilfred Martin to second
|
Batting: RHB Juan Costello
|
0-0: Called Strike 0-1: Foul Ball, location: 2F 0-2: Strikes out swinging
|
Batting: LHB Jesús Núñez
|
0-0: Called Strike 0-1: Foul Ball, location: 2F 0-2: Foul Ball, location: 2F 0-2: SINGLE (Groundball, 34D) Robinson Fernández scores Wilfred Martin to third Jesús Cabrera to second Runner from 3rd tries for Home, SAFE, no throw
|
Pitching: LHP Rob Greene
|
|
Batting: RHB Eric Thompson
|
0-0: Ball 1-0: Foul Ball, location: 2F 1-1: Ball 2-1: Called Strike 2-2: Ball 3-2: Base on Balls Jesús Cabrera to third Jesús Núñez to second
|
Batting: LHB Ramón Morales
|
0-0: Ball 1-0: Ball 2-0: Ball 3-0: Called Strike 3-1: Base on Balls Jesús Cabrera scores Jesús Núñez to third Eric Thompson to second
|
Batting: SHB Ricardo Arévalo
|
0-0: Ball 1-0: Ball 2-0: Swinging Strike 2-1: Foul Ball, location: 2F 2-2: Strikes out looking
|
Bottom of the 5th over - 6 runs, 6 hits, 0 errors, 3 left on base; Philadelphia 3 - Nashville 6 |
TOP OF THE 6TH |
Philadelphia Athletics batting - Pitching for Nashville G-Strings : RHP Noriyuki Matsui
|
Pitching: RHP Mario Machado
|
|
Batting: RHB Felipe Rivera
|
0-0: Ball 1-0: Swinging Strike 1-1: Foul Ball, location: 2F 1-2: Ball 2-2: Ground out U3 (Groundball, 3)
|
Batting: SHB Héctor Padilla
|
0-0: Ball 1-0: SINGLE (Groundball, 34S) (infield hit)
|
Batting: RHB César García
|
0-0: Ball 1-0: Ball Héctor Padilla steals 2nd base 2-0: Fly out, F8 (Flyball, 8RM)
|
Batting: LHB Brian Boone
|
0-0: Ball 1-0: Foul Ball, location: 2F 1-1: Called Strike 1-2: Foul Ball, location: 2F 1-2: Ball 2-2: Strikes out swinging
|
Top of the 6th over - 0 runs, 1 hit, 0 errors, 1 left on base; Philadelphia 3 - Nashville 6 |
BOTTOM OF THE 6TH |
Nashville G-Strings batting - Pitching for Philadelphia Athletics : LHP Rob Greene
|
Batting: LHB Miguel Rivería
|
0-0: Foul Ball, location: 2F 0-1: Ball 1-1: Swinging Strike 1-2: DOUBLE (Flyball, 8LXD)
|
Batting: LHB Robinson Fernández
|
0-0: Ball 1-0: Called Strike 1-1: Ball 2-1: Foul Ball, location: 2F 2-2: Fly out, F5 (Popup, 5F)
|
Batting: RHB Wilfred Martin
|
0-0: Called Strike 0-1: SINGLE (Flyball, 78S) Miguel Rivería to third
|
Batting: RHB Jesús Cabrera
|
0-0: Ball 1-0: Ball 2-0: Called Strike 2-1: Foul Ball, location: 2F 2-2: Ground out 5-3 (Groundball, 56) Wilfred Martin to second
|
Batting: RHB Juan Costello
|
0-0: Intentional Walk
|
Batting: LHB Jesús Núñez
|
0-0: Called Strike 0-1: Fly out, F8 (Flyball, 8RS)
|
Bottom of the 6th over - 0 runs, 2 hits, 0 errors, 3 left on base; Philadelphia 3 - Nashville 6 |
TOP OF THE 7TH |
Philadelphia Athletics batting - Pitching for Nashville G-Strings : RHP Mario Machado
|
Batting: RHB Eric Neal
|
0-0: Fly out, F6 (Line Drive, 6)
|
Batting: RHB Tony Morton
|
0-0: Called Strike 0-1: Ball 1-1: Ball 2-1: Ball 3-1: Base on Balls
|
Pitching: LHP Raúl Sandoval
|
|
Batting: LHB Carter Sweet
|
0-0: Called Strike 0-1: Foul Ball, location: 2F 0-2: Ball 1-2: Grounds into double play, 1-6-3 (Groundball, 13)
|
Top of the 7th over - 0 runs, 0 hits, 0 errors, 0 left on base; Philadelphia 3 - Nashville 6 |
BOTTOM OF THE 7TH |
Nashville G-Strings batting - Pitching for Philadelphia Athletics : LHP Rob Greene
|
Batting: RHB Eric Thompson
|
0-0: Ball 1-0: Ground out 5-3 (Groundball, 56)
|
Batting: LHB Ramón Morales
|
0-0: Ball 1-0: Ball 2-0: Ground out 3-1 (Groundball, 34)
|
Batting: SHB Ricardo Arévalo
|
0-0: Ball 1-0: Ball 2-0: Ball 3-0: Called Strike 3-1: Ground out U3 (Groundball, 3L)
|
Bottom of the 7th over - 0 runs, 0 hits, 0 errors, 0 left on base; Philadelphia 3 - Nashville 6 |
TOP OF THE 8TH |
Philadelphia Athletics batting - Pitching for Nashville G-Strings : LHP Raúl Sandoval
|
Pitching: RHP Kimitada Takai
|
|
Batting: RHB Valentín Borges
|
0-0: Ball 1-0: Ball 2-0: Called Strike 2-1: Foul Ball, location: 2F 2-2: Foul Ball, location: 2F 2-2: Ground out 4-3 (Groundball, 4)
|
Batting: RHB Anastasio Villa
|
0-0: Ball 1-0: Ball 2-0: Ball 3-0: Base on Balls
|
Batting: RHB Felipe Rivera
|
0-0: Called Strike 0-1: Ball 1-1: Fly out, F2 (Popup, 2RF)
|
Batting: SHB Héctor Padilla
|
0-0: Fly out, F8 (Line Drive, 8LD)
|
Top of the 8th over - 0 runs, 0 hits, 0 errors, 1 left on base; Philadelphia 3 - Nashville 6 |
BOTTOM OF THE 8TH |
Nashville G-Strings batting - Pitching for Philadelphia Athletics : LHP Rob Greene
|
Batting: LHB Miguel Rivería
|
0-0: Foul Ball, location: 2F 0-1: Ball 1-1: Ground out 6-3 (Groundball, 6)
|
Batting: LHB Robinson Fernández
|
0-0: Swinging Strike 0-1: Fly out, F4 (Popup, 23)
|
Batting: RHB Wilfred Martin
|
0-0: Ball 1-0: Called Strike 1-1: Ball 2-1: Foul Ball, location: 2F 2-2: Ball 3-2: Base on Balls
|
Batting: RHB Jesús Cabrera
|
0-0: Ball 1-0: Called Strike 1-1: Ground out 1-3 (Groundball, 13S)
|
Bottom of the 8th over - 0 runs, 0 hits, 0 errors, 1 left on base; Philadelphia 3 - Nashville 6 |
TOP OF THE 9TH |
Philadelphia Athletics batting - Pitching for Nashville G-Strings : RHP Kimitada Takai
|
Pitching: RHP Johnathan Phillips
|
|
Batting: RHB César García
|
0-0: Foul Ball, location: 2F 0-1: Ball 1-1: Ball 2-1: Called Strike 2-2: Fly out, F9 (Flyball, 89D)
|
Batting: LHB Brian Boone
|
0-0: Ball 1-0: Foul Ball, location: 2F 1-1: Foul Ball, location: 2F 1-2: Strikes out looking
|
Batting: RHB Eric Neal
|
0-0: Foul Ball, location: 2F 0-1: Called Strike 0-2: Fly out, F9 (Flyball, 9LDF)
|
Top of the 9th over - 0 runs, 0 hits, 0 errors, 0 left on base; Philadelphia 3 - Nashville 6 |
|